 Dungeon Crawl Stone Soup version 0.21.1-1-g345015f (webtiles) character file.

112 n0claF the Shooter (level 4, -1/37 HPs)
             Began as a Centaur Hunter on June 22, 2018.
             Killed from afar by an orc wizard (10 damage)
             ... with a puff of flame
             ... on level 3 of the Dungeon.
             The game lasted 00:06:25 (2487 turns).

n0claF the Shooter (Centaur Hunter)                 Turns: 2487, Time: 00:06:25

Health: -1/37      AC:  5    Str: 15    XL:     4   Next: 63%
Magic:  4/4        EV:  9    Int: 10    God:
Gold:   101        SH:  0    Dex: 10    Spells: 3/3 levels left

rFire    . . .     SeeInvis .   a - +1 shortbow
rCold    . . .     Gourm    .   (shield currently unavailable)
rNeg     . . .     Faith    .   c - +0 leather armour
rPois    .         Spirit   .   n - +0 helmet
rElec    .         Reflect  .   (no cloak)
rCorr    .         Harm     .   (no gloves)
MR       .....                  (no barding)
Stlth    +.........             (no amulet)
HPRegen  0.12/turn              (no ring)
MPRegen  0.09/turn              (no ring)

@: very quick
A: large, hooves 3, deformed body, speed 2, tough skin 3
a: no special abilities


You were on level 3 of the Dungeon.
You were not hungry.

You visited 1 branch of the dungeon, and saw 3 of its levels.
You visited the Abyss 1 time.

You collected 101 gold pieces.

Inventory:

Hand Weapons
 a - a +1 shortbow (weapon)
Missiles
 d - an arrow (quivered)
Armour
 c - a +0 leather armour (worn)
 n - a +0 helmet (worn)
   (You found it on level 2 of the Dungeon)
Scrolls
 b - 3 scrolls of identify {unknown}
 f - a scroll of amnesia {unknown}
 g - 2 scrolls of magic mapping {unknown}
 h - a scroll of enchant weapon {unknown}
 i - a scroll of summoning {unknown}
 j - a scroll of holy word {unknown}
 k - 2 scrolls of remove curse {unknown}
 m - 2 scrolls of teleportation {unknown}
 o - a scroll of fog {unknown}
 p - 3 scrolls of blinking {unknown}
Potions
 l - a potion of berserk rage {unknown}
Comestibles
 e - 3 rations {!d}


   Skills:
 + Level 2.8 Fighting
 * Level 6.4 Bows
 + Level 2.0 Dodging
 + Level 1.4 Stealth


You had 3 spell levels left.
You didn't know any spells.

Dungeon Overview and Level Annotations

Branches:
Dungeon (3/15)

Altars:


Innate Abilities, Weirdness & Mutations

You have hooves in place of feet.
Armour fits poorly on your strangely shaped body.
You cover ground very quickly.
You have extremely tough skin. (AC +3)


Message History

Aim: an orc, wielding a club and wearing a leather armour (severely wounded)
You shoot an arrow. The arrow hits the orc!
You kill the orc!
The orc priest invokes the aid of Beogh against you.
Beogh smites you!
* * * LOW HITPOINT WARNING * * *
Unknown command.
The orc priest calls down the wrath of Beogh upon you.
Pain shoots through your body!
* * * LOW HITPOINT WARNING * * *
You are too injured to fight recklessly!
You see here an arrow.
d - 6 arrows (gained 1)
The orc priest looks encouraged for a moment.
You see here an arrow.
d - 7 arrows (gained 1)
Aim: an orc priest, wielding a club You shoot an arrow.
The arrow closely misses the orc priest.
The orc priest miscasts a cantrip.
Aim: an orc priest, wielding a club You shoot an arrow.
The arrow barely misses the orc priest.
The arrow hits the giant cockroach.
The orc priest invokes the aid of Beogh against you.
Pain shoots through your body!
* * * LOW HITPOINT WARNING * * *
Aim: an orc priest, wielding a club You shoot an arrow.
The arrow hits the orc priest.
The giant cockroach barely misses you.
Really attack while wielding your +1 shortbow? [Y]es or [N]o only, please.
Really attack while wielding your +1 shortbow?
Okay, then.
Drop what? 16/52 slots (_ for help) (? for menu, Esc to quit)
Okay, then.
Aim: an orc wizard, wielding a dagger and wearing a robe (lightly wounded)
You shoot an arrow.
The arrow closely misses the orc wizard.
The orc wizard hits you but does no damage.
The giant cockroach barely misses you.
Aim: an orc wizard, wielding a dagger and wearing a robe (lightly wounded)
You shoot an arrow.
The arrow hits the orc wizard but does no damage.
The giant cockroach barely misses you. The orc wizard closely misses you.
Aim: an orc wizard, wielding a dagger and wearing a robe (lightly wounded)
You shoot an arrow. The arrow hits the orc wizard.
The giant cockroach barely misses you.
The orc wizard points at you and mumbles some strange words.
The puff of flame hits you!
You die...

#########.#{#.# #
...#.#.# #.
###.#.#.####
###.# #.#w.....#
.....###.#.######
#..............#
##....##.###.####
......(((w##o#
#.......os@.#
{..#.###..#### #
#..# #..# #..#
...# ###.# #.#
#.#


You could see a worm, an orc priest, an orc wizard and a giant cockroach.

Vanquished Creatures
  5 adders
  A white imp (Abyss:1)
  2 oozes
  A worm (D:2)
  3 dart slugs
  A leopard gecko (D:3)
  2 orcs (D:3)
  4 bats
  A giant cockroach (D:1)
  6 hobgoblins
  2 jackals (D:2)
  3 kobolds
  A quokka (D:2)
  2 frilled lizards
  4 goblins
  5 rats
43 creatures vanquished.

Notes
Turn   | Place    | Note
-------+----------+-------------------------------------------
     0 | D:1      | n0claF the Centaur Hunter began the quest for the Orb.
     0 | D:1      | Reached XP level 1. HP: 17/17 MP: 1/1
   238 | D:1      | Reached XP level 2. HP: 23/24 MP: 2/2
   427 | D:1      | Cast into level 1 of the Abyss (kobold)
   473 | Abyss:1  | Noticed a large abomination
   503 | Abyss:1  | Noticed a starcursed mass
   509 | D:1      | Escaped the Abyss
   535 | D:1      | Reached skill level 1 in Stealth
   645 | D:1      | Reached XP level 3. HP: 13/30 MP: 3/3
  1347 | D:2      | Reached skill level 6 in Bows
  1601 | D:2      | Reached XP level 4. HP: 37/37 MP: 4/4
  2487 | D:3      | Killed from afar by an orc wizard

Skill      XL: |  1  2  3  4 |
---------------+-------------+-----
Stealth        | 1 |  1.4
Bows           | 6 |  6.4
Dodging        | 2 |  2.0
Fighting       | |  2.8

Action                   |  1- 3 |  4- 6 || total
-------------------------+-------+-------++-------
Melee: Unarmed           |    89 |    65 ||   154
       Kick              |    12 |    20 ||    32
 Fire: Shortbow          |    35 |    21 ||    56
  Eat: Chunk             |     1 |     3 ||     4
Armor: Leather armour    |    67 |    27 ||    94
Dodge: Dodged            |    73 |    32 ||   105
